TOP OF THE 1ST |
Sumter Gamecocks batting - Pitching for Greenville Spinners : LHP Ron Jensen
|
Pitching: LHP Ron Jensen
|
|
Batting: SHB John Cangelosi
|
0-0: Called Strike 0-1: Ground out 6-3 (Groundball, 6, EV 102.5 MPH)
|
Batting: RHB Timothy Thiessen
|
0-0: Called Strike 0-1: Called Strike 0-2: Ball 1-2: Ball 2-2: Strikes out swinging
|
Batting: RHB Randy Washington
|
0-0: Ball 1-0: Ball 2-0: Ball 3-0: Called Strike 3-1: Foul Ball, location: 2F 3-2: SINGLE (Groundball, 34D, EV 95.0 MPH)
|
Batting: RHB Kelly Gruber
|
0-0: Ball 1-0: Foul Ball, location: 2F Pickoff Throw to First - Out! 1-3
|
Top of the 1st over - 0 runs, 1 hit, 0 errors, 0 left on base; Sumter 0 - Greenville 0 |
BOTTOM OF THE 1ST |
Greenville Spinners batting - Pitching for Sumter Gamecocks : RHP David Lopez
|
Pitching: RHP David Lopez
|
|
Batting: RHB Tony Russell
|
0-0: Ball 1-0: Swinging Strike 1-1: Ball 2-1: Ball 3-1: Base on Balls
|
Batting: RHB Byron Peyton
|
0-0: Ball 1-0: Foul Ball, location: 2F 1-1: Grounds into double play, 6-4-3 (Groundball, 6, EV 83.8 MPH)
|
Batting: RHB Bobby Miscik
|
0-0: Ball 1-0: Ground out 5-3 (Groundball, 56, EV 104.4 MPH)
|
Bottom of the 1st over - 0 runs, 0 hits, 0 errors, 0 left on base; Sumter 0 - Greenville 0 |
TOP OF THE 2ND |
Sumter Gamecocks batting - Pitching for Greenville Spinners : LHP Ron Jensen
|
Batting: RHB Kelly Gruber
|
0-0: Ball 1-0: Ball 2-0: Foul Ball, location: 2F 2-1: Ground out 4-3 (Groundball, 4, EV 82.5 MPH)
|
Batting: RHB Vaughn Calloway
|
0-0: Called Strike 0-1: Foul Ball, location: 2F 0-2: Ball 1-2: Ground out 6-3 (Groundball, 56, EV 89.4 MPH)
|
Batting: RHB Jerry Hidalgo
|
0-0: Called Strike 0-1: Swinging Strike 0-2: Foul Ball, location: 2F 0-2: Ball 1-2: Ball 2-2: Foul Ball, location: 2F 2-2: Ground out 2-3 (Groundball, 13S, EV 70.0 MPH)
|
Top of the 2nd over - 0 runs, 0 hits, 0 errors, 0 left on base; Sumter 0 - Greenville 0 |
BOTTOM OF THE 2ND |
Greenville Spinners batting - Pitching for Sumter Gamecocks : RHP David Lopez
|
Batting: LHB John Edmonds
|
0-0: Ball 1-0: Called Strike 1-1: Ball 2-1: Called Strike 2-2: Ground out 6-3 (Groundball, 6M, EV 105.0 MPH)
|
Batting: SHB Thomas Colburn
|
0-0: Called Strike 0-1: Ball 1-1: Ball 2-1: Called Strike 2-2: Ball 3-2: Foul Ball, location: 2F 3-2: Foul Ball, location: 2F 3-2: Base on Balls
|
Batting: RHB Glenn Robertson
|
0-0: Fly out, F7 (Line Drive, 78M, EV 90.6 MPH)
|
Batting: RHB Michael McEvilly
|
0-0: Called Strike 0-1: Called Strike 0-2: Ball 1-2: Ball 2-2: SINGLE (Line Drive, 7S, EV 94.4 MPH) Thomas Colburn to second
|
Batting: RHB Darrell Woodard
|
0-0: SINGLE (Flyball, 3D, EV 92.5 MPH) Thomas Colburn to third Michael McEvilly to second Runner from 3rd tries for Home, SAFE, throw by RF to home
|
Batting: RHB Luis Salazar
|
0-0: Called Strike 0-1: Fielders Choice at 2nd, 5-4 (Groundball, 5L, EV 82.5 MPH)
|
Bottom of the 2nd over - 1 run, 2 hits, 0 errors, 2 left on base; Sumter 0 - Greenville 1 |
TOP OF THE 3RD |
Sumter Gamecocks batting - Pitching for Greenville Spinners : LHP Ron Jensen
|
Batting: RHB Johnny Vestal
|
0-0: Ball 1-0: Called Strike 1-1: Foul Ball, location: 2F 1-2: Fly out, F4 (Flyball, 34D, EV 93.1 MPH)
|
Batting: RHB Claude Johnson
|
0-0: Called Strike 0-1: Ball 1-1: Called Strike 1-2: Strikes out swinging
|
Batting: RHB Juan Hernandez
|
0-0: Ball 1-0: Foul Ball, location: 2F 1-1: Ball 2-1: Foul Ball, location: 2F 2-2: Ground out 4-3 (Groundball, 34, EV 79.4 MPH)
|
Top of the 3rd over - 0 runs, 0 hits, 0 errors, 0 left on base; Sumter 0 - Greenville 1 |
BOTTOM OF THE 3RD |
Greenville Spinners batting - Pitching for Sumter Gamecocks : RHP David Lopez
|
Batting: RHB Tony Russell
|
0-0: Called Strike 0-1: Swinging Strike 0-2: Ball 1-2: Ball 2-2: Ground out 5-3 (Groundball, 5S, EV 85.6 MPH)
|
Batting: RHB Byron Peyton
|
0-0: Foul Ball, location: 2F 0-1: Ball 1-1: Foul Ball, location: 2F 1-2: Ball 2-2: Foul Ball, location: 2F 2-2: SINGLE (Groundball, 6D, EV 95.0 MPH)
|
Batting: RHB Bobby Miscik
|
0-0: Ball 1-0: Ball 2-0: Fielders Choice at 2nd, 1-4 (Groundball, 15, EV 65.6 MPH)
|
Batting: LHB John Edmonds
|
0-0: Called Strike 0-1: Ball 1-1: Ball 2-1: Ground out 4-3 (Groundball, 34, EV 84.4 MPH)
|
Bottom of the 3rd over - 0 runs, 1 hit, 0 errors, 1 left on base; Sumter 0 - Greenville 1 |
TOP OF THE 4TH |
Sumter Gamecocks batting - Pitching for Greenville Spinners : LHP Ron Jensen
|
Batting: SHB John Cangelosi
|
0-0: Ball 1-0: Called Strike 1-1: Fly out, F7 (Flyball, 7, EV 83.1 MPH)
|
Batting: RHB Timothy Thiessen
|
0-0: Ball 1-0: Ball 2-0: Foul Ball, location: 2F 2-1: Called Strike 2-2: Strikes out looking
|
Batting: RHB Randy Washington
|
0-0: Called Strike 0-1: Ball 1-1: Ball 2-1: Called Strike 2-2: Strikes out swinging, 2-3 out at first.
|
Top of the 4th over - 0 runs, 0 hits, 0 errors, 0 left on base; Sumter 0 - Greenville 1 |
BOTTOM OF THE 4TH |
Greenville Spinners batting - Pitching for Sumter Gamecocks : RHP David Lopez
|
Batting: SHB Thomas Colburn
|
0-0: Called Strike 0-1: Ball 1-1: Foul Ball, location: 2F 1-2: Ball 2-2: Ball 3-2: Ground out 4-3 (Groundball, 4, EV 101.9 MPH)
|
Batting: RHB Glenn Robertson
|
0-0: Ball 1-0: Foul Ball, location: 2F 1-1: SINGLE (Groundball, 6MD, EV 103.1 MPH)
|
Batting: RHB Michael McEvilly
|
0-0: Called Strike 0-1: Fly out, F8 (Line Drive, 8RD, EV 86.9 MPH)
|
Batting: RHB Darrell Woodard
|
0-0: Ball 1-0: Called Strike 1-1: Called Strike 1-2: Ball 2-2: Foul Ball, location: 2F 2-2: Ball 3-2: Foul Ball, location: 2F 3-2: Foul Ball, location: 2F 3-2: Ground out 6-3 (Groundball, 6, EV 90.6 MPH)
|
Bottom of the 4th over - 0 runs, 1 hit, 0 errors, 1 left on base; Sumter 0 - Greenville 1 |
TOP OF THE 5TH |
Sumter Gamecocks batting - Pitching for Greenville Spinners : LHP Ron Jensen
|
Batting: RHB Kelly Gruber
|
0-0: Ball 1-0: Swinging Strike 1-1: Ball 2-1: Fly out, F8 (Flyball, 89D, EV 93.8 MPH)
|
Batting: RHB Vaughn Calloway
|
0-0: Ball 1-0: Foul Ball, location: 2F 1-1: Foul Ball, location: 2F 1-2: Ball 2-2: Ball 3-2: DOUBLE (Line Drive, 9LM, EV 111.3 MPH)
|
Batting: RHB Jerry Hidalgo
|
0-0: Foul Ball, location: 2F 0-1: Ball 1-1: Ball 2-1: Foul Ball, location: 2F 2-2: Fly out, F9 (Flyball, 9LM, EV 90.0 MPH)
|
Batting: RHB Johnny Vestal
|
0-0: Ground out 6-3 (Groundball, 6, EV 90.6 MPH)
|
Top of the 5th over - 0 runs, 1 hit, 0 errors, 1 left on base; Sumter 0 - Greenville 1 |
BOTTOM OF THE 5TH |
Greenville Spinners batting - Pitching for Sumter Gamecocks : RHP David Lopez
|
Batting: RHB Luis Salazar
|
0-0: Bunt missed! 0-1: Called Strike 0-2: Ball 1-2: DOUBLE (Line Drive, 9LS, EV 99.4 MPH)
|
Batting: RHB Tony Russell
|
0-0: Foul Ball, location: 2F 0-1: Ball 1-1: Ball 2-1: Foul Ball, location: 2F 2-2: Strikes out swinging
|
Batting: RHB Byron Peyton
|
0-0: Ball Luis Salazar steals 3rd base 1-0: Ground out 6-3 (Groundball, 6, EV 92.5 MPH) Luis Salazar scores
|
Batting: RHB Bobby Miscik
|
0-0: Called Strike 0-1: Fly out, F9 (Flyball, 9LS, EV 73.1 MPH)
|
Bottom of the 5th over - 1 run, 1 hit, 0 errors, 0 left on base; Sumter 0 - Greenville 2 |
TOP OF THE 6TH |
Sumter Gamecocks batting - Pitching for Greenville Spinners : LHP Ron Jensen
|
Batting: RHB Claude Johnson
|
0-0: Foul Ball, location: 2F 0-1: Ground out 6-3 (Groundball, 6S, EV 80.6 MPH)
|
Batting: RHB Juan Hernandez
|
0-0: Called Strike 0-1: Called Strike 0-2: Strikes out looking
|
Batting: SHB John Cangelosi
|
0-0: Ball 1-0: Ball 2-0: Ground out 6-3 (Groundball, 6S, EV 85.0 MPH)
|
Top of the 6th over - 0 runs, 0 hits, 0 errors, 0 left on base; Sumter 0 - Greenville 2 |
BOTTOM OF THE 6TH |
Greenville Spinners batting - Pitching for Sumter Gamecocks : RHP David Lopez
|
Batting: LHB John Edmonds
|
0-0: Ball 1-0: Ball 2-0: Ground out 4-3 (Groundball, 4, EV 80.6 MPH)
|
Batting: SHB Thomas Colburn
|
0-0: Ball 1-0: Called Strike 1-1: Swinging Strike 1-2: Ball 2-2: Ball 3-2: Base on Balls
|
Batting: RHB Glenn Robertson
|
0-0: Ball 1-0: Grounds into double play, 5-4-3 (Groundball, 56, EV 82.5 MPH)
|
Bottom of the 6th over - 0 runs, 0 hits, 0 errors, 0 left on base; Sumter 0 - Greenville 2 |
TOP OF THE 7TH |
Sumter Gamecocks batting - Pitching for Greenville Spinners : LHP Ron Jensen
|
Batting: RHB Timothy Thiessen
|
0-0: Called Strike 0-1: Ball 1-1: Ball 2-1: Swinging Strike 2-2: Fly out, F7 (Flyball, 78D, EV 90.0 MPH)
|
Batting: RHB Randy Washington
|
0-0: Called Strike 0-1: Called Strike 0-2: Ball 1-2: Ground out 5-3 (Groundball, 56S, EV 88.8 MPH)
|
Batting: RHB Kelly Gruber
|
0-0: Called Strike 0-1: Ball 1-1: SINGLE (Groundball, 6MD, EV 94.4 MPH)
|
Batting: RHB Vaughn Calloway
|
0-0: Ball 1-0: Ball 2-0: Called Strike 2-1: Ball 3-1: Base on Balls Kelly Gruber to second
|
Batting: RHB Jerry Hidalgo
|
0-0: Swinging Strike 0-1: Ball 1-1: Swinging Strike 1-2: Strikes out looking
|
Top of the 7th over - 0 runs, 1 hit, 0 errors, 2 left on base; Sumter 0 - Greenville 2 |
BOTTOM OF THE 7TH |
Greenville Spinners batting - Pitching for Sumter Gamecocks : RHP David Lopez
|
Batting: RHB Michael McEvilly
|
0-0: Ball 1-0: Called Strike 1-1: Ball 2-1: Swinging Strike 2-2: Ground out 6-3 (Groundball, 6, EV 83.1 MPH)
|
Batting: RHB Darrell Woodard
|
0-0: Called Strike 0-1: Ball 1-1: Ball 2-1: Fly out, F4 (Line Drive, 4, EV 64.4 MPH)
|
Batting: RHB Luis Salazar
|
0-0: Foul Ball, location: 2F 0-1: Swinging Strike 0-2: SINGLE (Line Drive, 78M, EV 91.3 MPH)
|
Batting: RHB Tony Russell
|
0-0: Swinging Strike 0-1: Ball 1-1: Ball 2-1: Foul Ball, location: 2F 2-2: SINGLE (Groundball, 56S, EV 61.3 MPH) (infield hit) Luis Salazar to second
|
Batting: RHB Byron Peyton
|
0-0: Called Strike 0-1: Ball 1-1: Foul Ball, location: 2F 1-2: Ball 2-2: Ball 3-2: Base on Balls Luis Salazar to third Tony Russell to second
|
Batting: RHB Bobby Miscik
|
0-0: Foul Ball, location: 2F 0-1: Ball 1-1: Swinging Strike 1-2: Strikes out swinging
|
Bottom of the 7th over - 0 runs, 2 hits, 0 errors, 3 left on base; Sumter 0 - Greenville 2 |
TOP OF THE 8TH |
Sumter Gamecocks batting - Pitching for Greenville Spinners : LHP Ron Jensen
|
Batting: RHB Johnny Vestal
|
0-0: Swinging Strike 0-1: Called Strike 0-2: Strikes out looking
|
Batting: RHB Claude Johnson
|
0-0: Ball 1-0: Foul Ball, location: 2F 1-1: Fly out, F9 (Flyball, 9, EV 78.8 MPH)
|
Batting: RHB Juan Hernandez
|
0-0: Fly out, F9 (Line Drive, 9D, EV 105.0 MPH)
|
Top of the 8th over - 0 runs, 0 hits, 0 errors, 0 left on base; Sumter 0 - Greenville 2 |
BOTTOM OF THE 8TH |
Greenville Spinners batting - Pitching for Sumter Gamecocks : RHP David Lopez
|
Pitching: RHP Dave Wareham
|
|
Batting: LHB John Edmonds
|
0-0: SINGLE (Line Drive, 7S, EV 90.0 MPH)
|
Batting: SHB Thomas Colburn
|
0-0: Called Strike 0-1: Called Strike 0-2: Ball 1-2: Ball 2-2: Grounds into double play, 4-6-3 (Groundball, 4, EV 96.3 MPH)
|
Batting: RHB Glenn Robertson
|
0-0: DOUBLE (Groundball, 5L, EV 103.8 MPH)
|
Pitching: RHP Todd Fischer
|
|
Batting: RHB Michael McEvilly
|
0-0: Called Strike 0-1: Ball 1-1: Fly out, F9 (Flyball, 9LM, EV 76.3 MPH)
|
Bottom of the 8th over - 0 runs, 2 hits, 0 errors, 1 left on base; Sumter 0 - Greenville 2 |
TOP OF THE 9TH |
Sumter Gamecocks batting - Pitching for Greenville Spinners : LHP Ron Jensen
|
Batting: SHB John Cangelosi
|
0-0: Fly out, F8 (Flyball, 8LS, EV 88.1 MPH)
|
Batting: RHB Timothy Thiessen
|
0-0: Fly out, F7 (Flyball, 7LS, EV 90.0 MPH)
|
Batting: RHB Randy Washington
|
0-0: Ground out 3-1 (Groundball, 34, EV 84.4 MPH)
|
Top of the 9th over - 0 runs, 0 hits, 0 errors, 0 left on base; Sumter 0 - Greenville 2 |
|